 Dungeon Crawl Stone Soup version 0.25.1-2-g60ff931df9 (webtiles) character file.

Game seed: 780584597546247860

34850 Ijustatesigmund the Cleaver (level 13, -7/86 HPs)
             Began as an Octopode Fighter on Sept 14, 2020.
             Was the Champion of Cheibriados.
             Mangled by a troll (19 damage)
             ... on level 2 of the Orcish Mines on Sept 15, 2020.
             The game lasted 00:40:47 (17575 turns).

Ijustatesigmund the Cleaver (Octopode Fighter)     Turns: 17575, Time: 00:40:47

Health: -7/86      AC:  1    Str: 31    XL:     13   Next: 80%
Magic:  20/20      EV: 23    Int: 26    God:    Cheibriados [******]
Gold:   1076       SH: 20    Dex: 36    Spells: 8/12 levels left

rFire    + . .     SeeInvis .   a - +1 war axe (elec)
rCold    . . .     Gourm    .   b - +5 kite shield
rNeg     . . .     Faith    .   (helmet restricted)
rPois    +         Spirit   .   E - amulet of regeneration
rElec    .         Reflect  .   u - ring of poison resistance
rCorr    .         Harm     .   i - +6 ring of dexterity
MR       .....                  C - ring of protection from fire
Stlth    ++++......             (no ring)
HPRegen  0.64/turn              (no ring)
MPRegen  0.17/turn              (no ring)
                                (no ring)
                                (no ring)

@: about to teleport, very slow
A: almost no armour, stealthy swim, amphibious, 8 rings, constrict 8, antennae
1, tentacle spike 1, camouflage 1, frail 1, gelatinous body 1
a: Bend Time, Temporal Distortion, Slouch, Step From Time, Renounce Religion


You were on level 2 of the Orcish Mines.
You worshipped Cheibriados.
Cheibriados was exalted by your worship.
You were not hungry.

You visited 2 branches of the dungeon, and saw 15 of its levels.
You also visited: Ossuary.

You collected 1774 gold pieces.
You spent 698 gold pieces at shops.

Inventory:

Hand Weapons
 a - a +1 war axe of electrocution (weapon)
 B - a +2 whip of electrocution
Armour
 b - a +5 kite shield (worn)
Jewellery
 i - a +6 ring of dexterity (right tentacle)
 u - a ring of poison resistance (left tentacle)
 C - a ring of protection from fire (on tentacle)
 E - an amulet of regeneration (around mantle)
Wands
 s - a wand of digging (4)
 z - a wand of disintegration (12)
 A - a wand of paralysis (7)
Scrolls
 e - 11 scrolls of identify
 k - 2 scrolls of teleportation
 l - 3 scrolls of remove curse
 o - a scroll of holy word
 q - a scroll of brand weapon
 t - 3 scrolls of fog
Potions
 c - 3 potions of might
 g - 5 potions of curing
 h - 3 potions of brilliance
 j - a potion of lignification
 n - a potion of magic
 r - a potion of cancellation
 w - 2 potions of flight
 x - 3 potions of resistance
Comestibles
 d - 17 rations


   Skills:
 + Level 11.7 Fighting
 + Level 12.4 Axes
 - Level 8.8 Dodging
 - Level 8.8 Shields
 - Level 5.0 Translocations
 + Level 10.5 Invocations
 + Level 3.5 Evocations


You had 8 spell levels left.
You knew the following spells:

 Your Spells              Type           Power        Failure   Level  Hunger
a - Magic Dart            Conj           #...         28%         1    ##.....
b - Blink                 Tloc           N/A          5%          2    ###....
c - Apportation           Tloc           ####..       3%          1    ##.....

Your spell library contained the following spells:

 Spells                   Type           Power        Failure   Level  Hunger
 Shroud of Golubria       Chrm/Tloc      ##....       16%         2    ###....
 Animate Skeleton         Necr           N/A          28%         1    ##.....
 Beastly Appendage        Tmut           #.....       28%         1    ##.....
 Corona                   Hex            #......      28%         1    ##.....
 Infusion                 Chrm           #...         28%         1    ##.....
 Summon Small Mammal      Summ           #...         28%         1    ##.....
 Call Imp                 Summ           #.......     38%         2    ###....
 Slow                     Hex            #.......     38%         2    ###....
 Song of Slaying          Chrm           #.......     38%         2    ###....
 Sticks to Snakes         Tmut           #.......     38%         2    ###....
 Conjure Flame            Conj/Fire      #.......     63%         3    ####...
 Mephitic Cloud           Conj/Pois/Air  #.......     63%         3    ####...
 Ozocubu's Armour         Chrm/Ice       #.......     63%         3    ####...
 Spectral Weapon          Hex/Chrm       #.......     63%         3    ####...
 Spider Form              Tmut/Pois      #.........   63%         3    ####...
 Ice Form                 Ice/Tmut       #.......     95%         4    #####..
 Blade Hands              Tmut           #.........   100%        5    ######.


Dungeon Overview and Level Annotations

Branches:
Dungeon (13/15)            Temple (0/1) D:7            Lair (0/6) D:10
    Orc (2/2) D:11            Elf (0/3) Orc:2       Ossuary (visited)
 Vaults: D:13-14

Altars:
Ashenzari
Cheibriados
Dithmenos
Elyvilon
Fedhas
Gozag
Hepliaklqana
Nemelex Xobeh
Qazlal
Trog
Uskayaw
Wu Jian
Zin
The Shining One

Shops:
D:4 *   D:5 !?(??   D:7 }   D:13 =   Orc:2 ?([

Annotations:
D:4 3 runed translucent doors, Tyszek's ghost, amateur MiFi; nyroko's ghost, amateur DECj
D:8 2 runed translucent doors, doomsgape's ghost, novice DrAr
D:9 2 transporters


Innate Abilities, Weirdness & Mutations

You cannot wear most types of armour.
You are very stealthy in the water. (Stealth+)
You are amphibious.
You can wear up to eight rings at the same time.
You can use your tentacles to constrict eight enemies at once.
Your skin changes colour to match your surroundings (Stealth+).
Your rubbery body absorbs attacks. (AC +1, EV +1)
You have a pair of small antennae on your head.
One of your tentacles bears a spike.
You are frail. (-10% HP)


Message History

You block the troll's attack.
You slash the troll! Lightning courses through the troll!
You pierce the troll, but do no damage.
The troll is almost dead.
The troll misses you. You block the troll's attack.
The troll barely misses you. The troll bites you!!
You block the troll's attack. The troll closely misses you.
The troll bites you!
* * * LOW HITPOINT WARNING * * *
The troll closely misses you. You block the troll's attack.
The troll misses you. The troll barely misses you.
The troll completely misses you.
As you read the scroll of teleportation, it crumbles to dust.
You feel strangely unstable. You block the troll's attack.
The troll completely misses you. You block the troll's attack.
The troll misses you. The troll claws you!
* * * LOW HITPOINT WARNING * * *
The troll misses you. The troll bites you!!
You die...

........∩......... ....
.......................
...^.............#....
..................
................#
.........o...#.#
..............##
.........o)TTT.#
.........)).#@###
.........)..##..##
............)....#
#.........).)...##
##.##.##.####.### ##
### ###


You could see 3 trolls and 2 orcs.

Vanquished Creatures
  Snorg (Orc:2)
  An ettin (Orc:2)
  Erolcha (Orc:1)
  A hydra (D:12)
  3 centaur warriors
  9 two-headed ogres
  2 ogre magi
  An orc high priest (Orc:1)
  A skeletal warrior (D:13)
  An unseen horror (D:12)
  2 deep trolls (Orc:2)
  A deep elf mage (D:13)
  2 ugly things
  An orc sorcerer (Orc:2)
  2 orc knights (Orc:2)
  A cyclops (Orc:1)
  A manticore (D:11)
  A gargoyle (D:10)
  A komodo dragon (D:10)
  A merfolk (D:12)
  9 trolls
  A slime creature (D:13)
  3 hippogriffs
  A shadow (D:12)
  A vampire (D:11)
  A water elemental (D:11)
  A wyvern (D:13)
  3 hungry ghosts
  15 yaks
  A vampire mosquito (D:13)
  8 wargs
  An acid dragon (D:13)
  A water moccasin (D:7)
  4 ice beasts
  19 orc warriors
  2 black bears
  A sky beast (D:13)
  A hornet zombie (D:12)
  18 ogres
  3 phantoms
  3 centaurs
  7 bullfrogs
  2 wyvern skeletons
  4 scorpions
  A water moccasin zombie (Ossuary)
  8 killer bees
  9 wights
  6 howler monkeys
  5 centaur zombies
  A bullfrog zombie (D:13)
  3 crimson imps
  5 jellies
  15 orc priests
  A gnoll shaman (D:6)
  A hound (D:8)
  2 bullfrog skeletons (D:12)
  23 orc wizards
  Ijyb (D:3)
  2 iguanas
  6 worker ants
  4 big kobold zombies (Ossuary)
  2 hound zombies
  A hound skeleton (D:4)
  2 mummies (Ossuary)
  A worker ant zombie (D:6)
  A howler monkey zombie (D:7)
  11 gnolls
  10 adders
  2 shadow imps
  3 adder skeletons
  3 adder zombies (Ossuary)
  5 worms
  A dart slug (D:1)
  5 leopard geckos
  84 orcs
  3 giant cockroaches
  6 gnoll zombies
  7 goblins
  6 hobgoblins
  4 kobolds
  5 quokkas
  2 ball pythons
  2 bats
  2 frilled lizards
  A giant cockroach zombie (D:6)
  7 hobgoblin zombies (Ossuary)
  A jackal skeleton (D:7)
  2 kobold zombies (Ossuary)
  A leopard gecko skeleton (D:8)
  5 orc zombies (Ossuary)
  7 rats
429 creatures vanquished.

Vanquished Creatures (collateral kills)
  A troll (Orc:2)
  An ogre (Orc:2)
  An iguana (D:7)
  An orc (Orc:2)
4 creatures vanquished.

Vanquished Creatures (others)
  An ettin (Orc:2)
  An ogre (Orc:2)
  A killer bee (D:7)
  A jelly (D:6)
  An orc (D:7)
  A plant (D:10)
6 creatures vanquished.

Grand Total: 439 creatures vanquished

Notes
Turn   | Place    | Note
-------+----------+-------------------------------------------
     0 | D:1      | Ijustatesigmund the Octopode Fighter began the quest for
                  | the Orb.
     0 | D:1      | Reached XP level 1. HP: 16/16 MP: 1/1
   112 | D:1      | Reached XP level 2. HP: 14/21 MP: 2/2
   689 | D:2      | Reached skill level 3 in Axes
   689 | D:2      | Reached XP level 3. HP: 16/26 MP: 3/3
  1208 | D:2      | Found a white marble altar of Elyvilon.
  1763 | D:3      | Reached XP level 4. HP: 33/33 MP: 4/4
  1877 | D:3      | Reached skill level 4 in Axes
  1900 | D:3      | Noticed Ijyb
  1909 | D:3      | Killed Ijyb
  1909 | D:3      | Reached XP level 5. HP: 13/37 MP: 5/5
  2503 | D:3      | Reached skill level 5 in Axes
  2790 | D:4      | Reached XP level 6. HP: 36/44 MP: 6/6
  3021 | D:4      | Noticed a phantom
  3043 | D:4      | Killed a phantom
  3181 | D:4      | Found a shattered altar of Ashenzari.
  3583 | D:4      | Reached skill level 5 in Fighting
  3583 | D:4      | Reached skill level 6 in Axes
  3583 | D:4      | Reached XP level 7. HP: 50/50 MP: 7/7
  3606 | D:4      | Found Zin's Purification Station.
  3609 | D:4      | Found a glowing silver altar of Zin.
  3671 | D:4      | Found a runed translucent gate.
  3673 | D:4      | Found a runed translucent gate.
  3674 | D:4      | Found a runed translucent gate.
  3674 | D:4      | Noticed nyroko's ghost (amateur DECj)
  3674 | D:4      | Noticed Tyszek's ghost (amateur MiFi)
  3740 | D:5      | Entered Level 5 of the Dungeon
  3740 | D:5      | Found Biloe's Magic Scroll Shop.
  3852 | D:5      | Found Kehar's Magic Scroll Emporium.
  3853 | D:5      | Bought a scroll of holy word for 75 gold pieces
  3853 | D:5      | Bought a scroll of blinking for 75 gold pieces
  3853 | D:5      | Bought a scroll of fog for 20 gold pieces
  3853 | D:5      | Bought a scroll of teleportation for 30 gold pieces
  3853 | D:5      | Bought a scroll of enchant armour for 75 gold pieces
  3858 | D:5      | Gained mutation: You are frail. (-10% HP) [potion of
                  | mutation]
  3858 | D:5      | Gained mutation: You have a pair of small antennae on your
                  | head. [potion of mutation]
  3858 | D:5      | Gained mutation: One of your tentacles bears a spike.
                  | [potion of mutation]
  4080 | D:5      | Found Usseinge's Distillery.
  4200 | D:5      | Found Figu's Magic Scroll Shop.
  4580 | D:5      | Found Fautz's Weapon Emporium.
  4775 | D:5      | Reached skill level 7 in Axes
  5168 | D:5      | Reached XP level 8. HP: 25/51 MP: 4/8
  6024 | D:6      | Found a hide-covered altar of Uskayaw.
  6299 | D:6      | Reached skill level 8 in Axes
  6439 | D:6      | Found a snail-covered altar of Cheibriados.
  6439 | D:6      | Found a faded altar of an unknown god.
  6445 | D:6      | Found a faded altar of an unknown god.
  6447 | D:6      | Found a stormy altar of Qazlal.
  6448 | D:6      | Found a shadowy altar of Dithmenos.
  6458 | D:6      | Became a worshipper of Cheibriados the Contemplative
  6562 | D:7      | Reached XP level 9. HP: 38/56 MP: 5/9
  6735 | D:7      | Reached skill level 5 in Dodging
  6735 | D:7      | Reached skill level 5 in Shields
  6916 | D:7      | Found a sand-covered staircase.
  6922 | Ossuary  | Entered an ossuary
  7075 | Ossuary  | Reached * piety under Cheibriados
  7294 | D:7      | Found an opulent altar of Gozag.
  7338 | D:7      | Found a staircase to the Ecumenical Temple.
  7601 | D:7      | Found Nigeduok's Gadget Shoppe.
  7814 | D:7      | Reached skill level 9 in Axes
  7814 | D:7      | Reached skill level 1 in Invocations
  7826 | D:6      | Reached XP level 10. HP: 25/64 MP: 1/11
  8192 | D:7      | Reached ** piety under Cheibriados
  8204 | D:7      | Found a blossoming altar of Fedhas.
  8765 | D:8      | Found a large runed translucent door.
  8765 | D:8      | Found a large runed translucent door.
  8768 | D:8      | Noticed doomsgape's ghost (novice DrAr)
  8883 | D:8      | Found an ornate altar of the Wu Jian Council.
  9149 | D:8      | Found a bloodstained altar of Trog.
  9201 | D:8      | Found a sparkling altar of Nemelex Xobeh.
  9782 | D:9      | Found a glowing golden altar of the Shining One.
  9961 | D:9      | Found a transporter.
  9966 | D:9      | Noticed a stone giant
  9974 | D:9      | Found a hazy altar of Hepliaklqana.
  9979 | D:9      | Noticed a two-headed ogre
  9985 | D:9      | Killed a two-headed ogre
  9986 | D:9      | Reached skill level 5 in Invocations
  9991 | D:9      | Found a transporter.
 10305 | D:10     | Entered Level 10 of the Dungeon
 10370 | D:10     | Reached *** piety under Cheibriados
 10423 | D:10     | Noticed a gargoyle
 10432 | D:10     | Killed a gargoyle
 10532 | D:10     | Got a jewelled arbalest
 10533 | D:10     | Identified the cursed +1 arbalest of the Realm of Zot
                  | {flame, rF+} (You found it on level 10 of the Dungeon)
 10683 | D:10     | Learned a level 1 spell: Magic Dart
 10686 | D:10     | Learned a level 2 spell: Blink
 10688 | D:10     | Learned a level 1 spell: Apportation
 10927 | D:10     | Found a staircase to the Lair.
 11153 | D:10     | Reached XP level 11. HP: 47/70 MP: 15/15
 11321 | D:11     | Reached skill level 1 in Translocations
 11632 | D:11     | Reached **** piety under Cheibriados
 11732 | D:11     | Reached skill level 10 in Axes
 12275 | D:11     | Noticed a red ugly thing
 12305 | D:11     | Killed a red ugly thing
 12712 | D:11     | Found a staircase to the Orcish Mines.
 13095 | D:11     | Noticed a manticore
 13107 | D:11     | Killed a manticore
 13456 | D:12     | Noticed a six-headed hydra
 13468 | D:12     | Killed an unseen horror
 13473 | D:12     | Killed a six-headed hydra
 13473 | D:12     | Reached ***** piety under Cheibriados
 13677 | D:12     | Noticed a two-headed ogre
 13679 | D:12     | Noticed a two-headed ogre
 13684 | D:12     | Killed a two-headed ogre
 13684 | D:12     | Reached XP level 12. HP: 62/77 MP: 17/17
 13684 | D:12     | Killed a two-headed ogre
 13830 | D:12     | Noticed a centaur warrior
 14223 | D:12     | Killed a centaur warrior
 14746 | D:13     | Noticed an ogre mage
 14754 | D:13     | Killed an ogre mage
 15006 | D:13     | Noticed a centaur warrior
 15020 | D:13     | Killed a centaur warrior
 15020 | D:13     | Reached skill level 10 in Fighting
 15201 | D:13     | Reached skill level 5 in Translocations
 15275 | D:13     | Noticed a two-headed ogre
 15280 | D:13     | Killed a two-headed ogre
 15280 | D:13     | Reached skill level 11 in Axes
 15315 | D:13     | Found Tok Nuso Hoi's Jewellery Emporium.
 15321 | D:13     | Bought an uncursed amulet of regeneration for 360 gold
                  | pieces
 15509 | D:13     | Noticed a centaur warrior
 15515 | D:13     | Killed a centaur warrior
 15558 | D:13     | Noticed a centaur warrior
 15560 | D:13     | Noticed a fire dragon
 15679 | Orc:1    | Entered Level 1 of the Orcish Mines
 15805 | Orc:1    | Noticed Erolcha
 15811 | Orc:1    | Killed Erolcha
 15811 | Orc:1    | Reached XP level 13. HP: 72/83 MP: 19/19
 15943 | Orc:2    | Entered Level 2 of the Orcish Mines
 15946 | Orc:1    | Reached ****** piety under Cheibriados
 16279 | Orc:2    | Found a staircase to the Elven Halls.
 16603 | Orc:2    | Noticed Snorg
 16710 | Orc:2    | Killed Snorg
 16714 | Orc:2    | Noticed an ettin
 16729 | Orc:2    | Killed an ettin
 16831 | Orc:2    | Reached skill level 12 in Axes
 16875 | Orc:2    | Noticed an ettin
 16950 | Orc:2    | Reached skill level 10 in Invocations
 17040 | Orc:2    | Reached skill level 1 in Evocations
 17506 | Orc:2    | Found Ponaas's Magic Scroll Shop.
 17511 | Orc:2    | Found Mizohok's Weapon Boutique.
 17513 | Orc:2    | Found Cunkiur's Antique Armour Shoppe.
 17515 | Orc:2    | Bought a scroll of fear for 63 gold pieces
 17575 | Orc:2    | Mangled by a troll

Illustrated notes

Levels and vault maps discovered:
D:1:      tarquinn_simple_flora_water_a, layout_loops_ring
D:2:      layout_loops_ring, old_standard_altar, serial_bayou,
          serial_bayou_pond_e, serial_bayou_lagoon_a, serial_bayou_pond_c,
          serial_bayou_pond_a, minivault_26, chequers_decorated_corner
D:3:      layout_basic, uniq_ijyb
D:4:      layout_loops_ring, kennysheep_little_box, zin_purify,
          gammafunk_ghost_cemetery, due_unseen_surprise
D:5:      layout_loops_ring, serial_shops, shop, shop, shop, nicolae_shop_trees,
          nicolae_shop_waterfront, first_ration
D:6:      layout_basic, eat_drink_and_be_merry_uskayaw,
          chequers_temple_overflow_minitemple
D:7:      layout_basic, nicolae_gozag_cash_rules_everything_around_me,
          fedhas_altar_1, minmay_temple_entry_glassed_door, enter_ossuary_3,
          serial_shops, nicolae_shop_stone, minmay_fractal_squares_gapless_5
D:8:      layout_basic, nicolae_overflow_crystal_walls, lemuel_round_altar,
          ebering_ghost_disaster_area, nemelex_lonely_heart_becter
D:9:      layout_rooms, lemuel_round_altar, gammafunk_temple_overflow_arena,
          serial_rivers, chequers_serial_rivers_micro_d,
          chequers_serial_rivers_micro_e, chequers_serial_rivers_micro_c,
          chequers_serial_rivers_room_a
D:10:     layout_stronghold, david_lair_shrubbed
D:11:     layout_basic, erik_orc_2
D:12:     layout_long_grid, hangedman_fish_farm
D:13:     hangedman_cross_cluster, layout_small_grid, serial_shops, shop,
          st_stairs_8
Orc:1:    layout_caves, uniq_erolcha
Orc:2:    st_orc_open, layout_diamond_mine, uniq_snorg

Skill      XL: |  1  2  3  4  5  6  7  8  9 10 11 12 13 |
---------------+----------------------------------------+-----
Axes           | 3 4 5 6 7 8 9 10 11 12 | 12.4
Fighting       | 4 5 6 7 8 9 10 11 | 11.7
Dodging        | 4 6 7 8 |  8.8
Shields        | 4 6 7 8 |  8.8
Invocations    | 1 5 7 9 10 | 10.5
Translocations | 3 5 |  5.0
Evocations     | 3 |  3.5

Action                   |  1- 3 |  4- 6 |  7- 9 | 10-12 | 13-15 || total
-------------------------+-------+-------+-------+-------+-------++-------
Melee: War axe           |    55 |    67 |   238 |   353 |   133 ||   846
       Constrict         |    17 |    16 |    55 |    61 |    20 ||   169
       Tentacles         |     7 |    18 |    54 |   119 |    56 ||   254
       Kick              |       |       |    88 |   220 |    92 ||   400
       Whip              |       |       |       |    11 |       ||    11
 Cast: Apportation       |       |       |       |     2 |     3 ||     5
Invok: Slouch            |       |       |       |     1 |     2 ||     3
Evoke: Wand              |       |     1 |    13 |     9 |    12 ||    35
  Use: Potion            |     2 |     1 |     6 |     7 |     1 ||    17
       Scroll            |     6 |     2 |    16 |    11 |     6 ||    41
 Stab: Sleeping          |     4 |     1 |     8 |     8 |       ||    21
       Distracted        |       |       |       |     2 |     1 ||     3
  Eat: Chunk             |     3 |     5 |    12 |     6 |     1 ||    27
       Ration            |       |       |     3 |     2 |     1 ||     6
Armor: Skin              |     4 |       |    18 |     2 |     2 ||    26
Dodge: Dodged            |    14 |    25 |   102 |   194 |   124 ||   459
Block: Kite shield       |    25 |    22 |   110 |   294 |   186 ||   637
